 Dungeon Crawl Stone Soup version 0.30-a0-1103-g25895a7845 (webtiles) character file.

Game seed: 14027565057470321448

140 senseless the Chopper (level 5, -1/41 HPs)
             Began as a Demonspawn Gladiator on Apr 18, 2023.
             Was a High Priest of Ignis.
             Slain by an orc wizard
             ... wielding a +0 dagger
              (2 damage)
             ... on level 3 of the Dungeon.
             The game lasted 00:06:12 (2065 turns).

senseless the Chopper (Demonspawn Gladiator)        Turns: 2065, Time: 00:06:13

Health: -1/41      AC:  4    Str: 13 (16) XL:     5   Next: 2%
Magic:  5/5        EV: 12    Int:  7 (10) God:    Ignis [*****.]
Gold:   156        SH:  4    Dex: 11 (14) Spells: 4/4 levels left

rFire   + . .      SeeInvis .    a - +0 war axe
rCold   . . .      Faith    .    (no shield)
rNeg    . . .      Spirit   .    b - +0 leather armour
rPois   +          Reflect  .    c - +0 helmet
rElec   .          Rampage  .    (no cloak)
rCorr   .                        (no gloves)
Will    .....                    (no boots)
Stlth   +                        (no amulet)
HPRegen 0.26/turn                k - ring of poison resistance
MPRegen 0.09/turn                (no ring)

@: on berserk cooldown, hasted and slowed
A: condensation shield
a: Renounce Religion, Fiery Armour, Foxfire Swarm, Rising Flame


You were on level 3 of the Dungeon.
You worshipped Ignis.
Ignis was extremely pleased with you.
You visited 1 branch of the dungeon, and saw 3 of its levels.

You collected 156 gold pieces.

Inventory:

Hand Weapons
 a - a +0 war axe (weapon)
 h - a +1 dagger of venom
Missiles
 d - 3 throwing nets
 e - 7 javelins (quivered)
Armour
 b - a +0 leather armour (worn)
 c - a +0 helmet (worn)
Jewellery
 k - a ring of poison resistance (left hand)
Potions
 g - 2 potions of degeneration
 l - a potion of flight {unknown}
 m - a potion of heal wounds {unknown}
Miscellaneous
 n - a piece from Xom's chessboard (15/15)


   Skills:
 + Level 3.1 Fighting
 + Level 3.5 Axes
 + Level 2.6 Throwing
 + Level 3.5 Dodging


You had 4 spell levels left.
You didn't know any spells.
Your spell library contained the following spells:

 Spells                   Type           Power      Damage    Failure   Level
 Ignite Poison            Fire/Tmut/Pois 0%         N/A       87%         3
 Tukima's Dance           Hex            0%         N/A       87%         3
 Passage of Golubria      Tloc           0%         N/A       99%         4
 Sticky Flame             Conj/Fire      0%         2d3       99%         4
 Iskenderun's Battlesphe  Conj           0%         2d6       100%        5
 Yara's Violent Unravell  Hex/Tmut       0%         3d3       100%        5
 Iron Shot                Conj/Erth      0%         9d1       100%        6
 Spellforged Servitor     Conj/Summ      0%         N/A       100%        7
 Ignition                 Fire           0%         3d3       100%        8
 Chain Lightning          Conj/Air       0%         N/A       100%        9
 Fire Storm               Conj/Fire      0%         5d1       100%        9
 Shatter                  Erth           0%         3d5*      100%        9


Dungeon Overview and Level Annotations

Branches:
Dungeon (3/15)

Altars:
Ignis

Annotations:
D:3 1 runed translucent door, Pim's ghost, amateur OpTm


Innate Abilities, Weirdness & Mutations

A meltable shield of frost defends you. (SH +4)


Message History

Something hits you.
* * * LOW HITPOINT WARNING * * *
The orc barely misses you.
It was a potion of berserk rage.
A red film seems to cover your vision as you go berserk!
You feel yourself moving faster!
You feel mighty! Something hits you.
* * * LOW HITPOINT WARNING * * *
The orc hits you but does no damage.
You bump into the rock wall.
You feel a strong urge to attack something.
You bump into the rock wall.
Something hits you but does no damage. The orc hits you but does no damage.
You're too confused to move!
You feel your anger nearly subside. Something hits you.
* * * LOW HITPOINT WARNING * * *
The orc hits you with a +0 short sword.
* * * LOW HITPOINT WARNING * * *
You miss something. You closely miss the orc. Something completely misses you.
The orc misses you.
You bump into the rock wall.
You are no longer berserk.
You are exhausted.
You feel yourself slow down.
You closely miss something. You hit the orc. Something hits you.
* * * LOW HITPOINT WARNING * * *
The orc hits you with a +0 short sword.
* * * LOW HITPOINT WARNING * * *
Something hits you.
* * * LOW HITPOINT WARNING * * *
The orc completely misses you.
It was a potion of magic.
Magic courses through your body.
You feel less confused. Something hits you.
* * * LOW HITPOINT WARNING * * *
The orc barely misses you. The orc hits you but does no damage.
Something hits you.
* * * LOW HITPOINT WARNING * * *
It was a potion of haste.
You feel yourself speed up. Something hits you.
You die...

#.# #(( .(# #
#(#.# #)#. #o. .
#.#####o####....
#.....){@....# #
#.#####.###..#.#
#.# ...#
#.###.....
#####........
#.......#####
###.#######
#...# #######
#...# #.....#


You could see 2 orcs.

Vanquished Creatures
  2 orc priests (D:3)
  2 adders (D:3)
  7 orcs (D:3)
  6 endoplasms
  4 giant cockroaches
  5 goblins
  7 hobgoblins
  A kobold (D:1)
  2 quokkas
  4 ball pythons
  4 bats
  A frilled lizard (D:2)
  5 rats
  A spectral kobold (D:1)
51 creatures vanquished.

Notes
Turn   | Place    | Note
-------+----------+-------------------------------------------
     0 | D:1      | senseless the Demonspawn Gladiator began the quest for the
                  | Orb.
     0 | D:1      | Reached XP level 1. HP: 16/16 MP: 1/1
    95 | D:1      | Found a faded altar of an unknown god.
   146 | D:1      | Prayed at the altar of an unknown god.
   146 | D:1      | Became a worshipper of Ignis, the Dying Flame
   285 | D:1      | Gained mutation: A meltable shield of frost defends you.
                  | (SH +4) [demonic ancestry]
   285 | D:1      | Reached XP level 2. HP: 12/22 MP: 2/2
  1130 | D:2      | Reached XP level 3. HP: 28/28 MP: 3/3
  1708 | D:3      | Found a runed translucent door.
  1710 | D:3      | Noticed Pim's ghost (amateur OpTm)
  1722 | D:3      | Reached XP level 4. HP: 28/34 MP: 4/4
  2050 | D:3      | Reached XP level 5. HP: 26/41 MP: 5/5
  2063 | D:3      | HP: 2/41 [something (2)]
  2065 | D:3      | Slain by an orc wizard

Illustrated notes

Levels and vault maps discovered:
D:1:      wander_arrival_lonely_grave, layout_basic,
          dreamdust_ecumenical_altar_drowned_temple
D:2:      layout_basic
D:3:      layout_basic, ebering_ghost_inner_flame,
          chequers_serial_rivers_large_b, minmay_hedge_maze, grunt_ministairs_1,
          minivault_5, uniq_sigmund, uniq_grinder

Skill      XL: |  1  2  3  4 |
---------------+-------------+-----
Throwing       | 2 |  2.6
Axes           | 3 |  3.5
Dodging        | 3 |  3.5
Fighting       | 3 |  3.1

Action                     |  1- 3 |  4- 6 || total
---------------------------+-------+-------++-------
  Melee: War axe           |   137 |    21 ||   158
         Punch             |     1 |       ||     1
  Throw: Dart              |       |     3 ||     3
         Javelin           |       |     3 ||     3
    Use: Scroll            |     1 |       ||     1
         Potion            |       |     4 ||     4
   Stab: Sleeping          |     1 |       ||     1
 Armour: Leather armour    |    41 |     8 ||    49
  Dodge: Dodged            |    84 |    19 ||   103
  Block: Other             |    22 |     5 ||    27

Table legend: (Time is in decaauts)
 A = Elapsed time spent in this place.
 B = Non-inter-level travel time spent in this place.
 C = Inter-level travel time spent in this place.
 D = Time resting spent in this place.
 E = Time spent auto-exploring this place.
 F = Levels seen in this place.
 G = Mean time per level.
                   A        B        C        D        E       F      G
               +--------+--------+--------+--------+--------+-----+--------+
         Total |   2128 |   2064 |     64 |     95 |   1553 |   3 |  709.3 |
       Dungeon |   2128 |   2064 |     64 |     95 |   1553 |   3 |  709.3 |
               +--------+--------+--------+--------+--------+-----+--------+

Top non-repeatable levels by time:
     D:1: 1051 daAuts
     D:2: 697 daAuts
     D:3: 379 daAuts
